 Dungeon Crawl Stone Soup version 0.22-a0-558-gc224181 (webtiles) character file.

13991 Amnesiac the Jinx (level 11, -5/81 HPs)
             Began as a Mummy Enchanter on June 27, 2018.
             Was a High Priest of Ru.
             Killed from afar by a manticore (11 damage)
             ... with a volley of spikes
             ... summoned by Kirke
             ... on level 12 of the Dungeon.
             The game lasted 00:40:13 (13534 turns).

Amnesiac the Jinx (Mummy Enchanter)                Turns: 13534, Time: 00:40:13

Health: -5/81      AC: 13    Str: 11    XL:     11   Next: 82%
Magic:  7/23       EV: 15    Int: 18    God:    Ru [*****.]
Gold:   337        SH:  0    Dex: 13    Spells: 7/26 levels left

rFire    x . .     SeeInvis .   a - +2 dagger (venom)
rCold    + + .     Gourm    .   (no shield)
rNeg     + + +     Faith    .   l - +3 leather armour {MR+}
rPois    ∞         Spirit   .   u - +1 helmet "Koif" {rElec Slay+2}
rElec    +         Reflect  .   t - +0 cloak
rCorr    +         Harm     .   j - +2 pair of gloves
MR       ++...                  h - +0 pair of boots
Stlth    +++.......             g - amulet of magic regeneration
HPRegen  0.23/turn              o - ring of resist corrosion
MPRegen  0.43/turn              p - ring of protection from cold

@: exhausted, about to teleport, barbed spikes, drained
A: no food or potions, fire vulnerability, cold resistance 1, negative energy
resistance 3, torment resistance, unbreathing, no potion heal 1, inability to
use devices, hated by all, inability to train armour
a: Draw Out Power, Power Leap, Apocalypse, Renounce Religion


You were on level 12 of the Dungeon.
You worshipped Ru.
Ru was extremely pleased with you.
You were not hungry.

You visited 1 branch of the dungeon, and saw 12 of its levels.
You also visited: Sewer.

You collected 613 gold pieces.
You spent 276 gold pieces at shops.

Inventory:

Hand Weapons
 a - a +2 dagger of venom (weapon)
 b - a +1 dagger of freezing
 d - a +0 rapier of speed
Armour
 h - a +0 pair of boots (worn)
 j - a +2 pair of gloves (worn)
 l - a +3 leather armour of magic resistance (worn)
 t - a +0 cloak (worn)
 u - the +1 helmet "Koif" (worn) {rElec Slay+2}
   (You found it on level 8 of the Dungeon)

   It affects your accuracy and damage with ranged weapons and melee attacks
   (+2).
   It insulates you from electricity.
Jewellery
 g - an amulet of magic regeneration (around neck)
 o - a ring of resist corrosion (left hand)
 p - a ring of protection from cold (right hand)
 v - an uncursed ring of positive energy {unknown}
Scrolls
 c - 6 scrolls of remove curse {!r}
 e - 2 scrolls of blinking {!r}
 f - a scroll of amnesia {!r}
 i - 3 scrolls of teleportation {!r}
 k - 4 scrolls of identify {!r}
 m - 5 scrolls of fog {!r}
 n - 4 scrolls of magic mapping {!r}
 q - a scroll of enchant armour {!r}
 r - 2 scrolls of vulnerability {!r}
 s - a scroll of fear {!r}


   Skills:
 + Level 5.9(5.2) Fighting
 - Level 8.0(7.2) Short Blades
 * Level 7.4(6.7) Dodging
 - Level 8.0(7.2) Stealth
 - Level 8.0(7.3) Spellcasting
 - Level 8.1(7.4) Hexes


You had 7 spell levels left.
You knew the following spells:

 Your Spells              Type           Power        Failure   Level  Hunger
a - Ensorcelled Hibernat  Hex/Ice        ###...       4%          2    N/A
b - Corona                Hex            ####...      1%          1    N/A
c - Cause Fear            Hex            ####......   7%          4    N/A
d - Dazzling Spray        Conj/Hex       ###...       9%          3    N/A
e - Confuse               Hex            ####....     1%          3    N/A
f - Spectral Weapon       Hex/Chrm       ###.....     9%          3    N/A
w - Tukima's Dance        Hex            ####....     1%          3    N/A

Your spell library contained the following spells:

 Spells                   Type           Power        Failure   Level  Hunger
 Bolt of Magma            Conj/Fire/Erth #.........   98%         5    N/A
 Slow                     Hex            ####....     1%          2    N/A
 Venom Bolt               Conj/Pois      #.........   98%         5    N/A
 Regeneration             Chrm/Necr      #.........   38%         3    N/A
 Iron Shot                Conj/Erth      #.........   100%        6    N/A
 Portal Projectile        Hex/Tloc       ###...       9%          3    N/A
 Orb of Destruction       Conj           #.........   100%        7    N/A
 Leda's Liquefaction      Hex/Erth       ###.......   30%         4    N/A
 Shroud of Golubria       Chrm/Tloc      #.........   22%         2    N/A
 Inner Flame              Hex/Fire       ###.....     9%          3    N/A
 Iskenderun's Battlesphe  Conj/Chrm      #.......     98%         5    N/A
 Infusion                 Chrm           #...         14%         1    N/A
 Song of Slaying          Chrm           #.......     22%         2    N/A
 Spellforged Servitor     Conj/Summ      #.........   100%        7    N/A

Dungeon Overview and Level Annotations

Branches:
Dungeon (12/15)            Temple (0/1) D:4            Lair (0/6) D:9
    Orc: D:9-12

Altars:
Gozag
Ru
Uskayaw
Xom
Yredelemnul
Zin
Beogh

Shops:
D:5 *[?   D:6 [   D:9 !!?[

Annotations:
D:12 Kirke


Innate Abilities, Weirdness & Mutations

You do not eat or drink.
Your flesh is vulnerable to fire.
You are immune to poison.
Your flesh is cold resistant. (rC+)
You are immune to negative energy. (rN+++)
You are immune to unholy pain and torment.
You can survive without breathing.
Potions are less effective at restoring your health.
You cannot study or use magical devices.
You are hated by all.
You cannot train Armour skill.


Message History

Okay, then.
You feel less exhausted.
Kirke says, "Odis was a nice man, you're awful."
You redirect the manticore's attack!
The manticore flicks its tail.
The volley of spikes hits the manticore.
The manticore begins to attack, but is stunned by your will!
The hog bites you but does no damage. Kirke hits you.
* * * LOW HITPOINT WARNING * * *
The manticore begins to attack, but is stunned by your will!
You are restored by drawing out deep reserves of power within.
You feel drained. The hog barely misses you. x2
You redirect Kirke's attack!
Kirke hits you!
Casting: Confuse (safe; 1% risk of failure)
Confirm with . or Enter, or press ? or * to list all spells.
Aiming: Confuse (safe; 1% risk of failure)
Press: ? - help, Shift-Dir - straight line, f - troll zombie, p - Kirke
Aim: a troll zombie (chance to defeat MR: 71%)
The troll zombie appears confused.
The hog is stunned by your will and fails to attack.
Kirke hits you!
* * * LOW HITPOINT WARNING * * *
The troll zombie bites the hog!
The hog is killed!
The hog squeals angrily.
Unknown command.
Casting: Confuse (safe; 1% risk of failure)
Confirm with . or Enter, or press ? or * to list all spells.
Aiming: Confuse (safe; 1% risk of failure)
Press: ? - help, Shift-Dir - straight line, f - Kirke, p - troll zombie
Aim: Kirke (heavily wounded, poisoned, chance to defeat MR: 5%) Kirke resists with almost no effort.
Kirke barely misses you. The troll zombie barely misses you.
The troll zombie closely misses you. The troll zombie claws you.
* * * LOW HITPOINT WARNING * * *
Unknown command.
Really read
e - 2 scrolls of blinking {!r}?
Okay, then.
You redirect the manticore's attack!
The manticore bites itself but does no damage.
The manticore barely misses itself. x2
The troll zombie barely misses the hog. x3
The manticore seems less confused.
Kirke begins to cast a spell, but is stunned by your will!
The hog bites you.
* * * LOW HITPOINT WARNING * * *
The manticore flicks its tail.
The volley of spikes hits you!
The barbed spikes become lodged in your body.
* * * LOW HITPOINT WARNING * * *
The troll zombie misses the hog.
The troll zombie claws the hog!
The troll zombie claws the hog but does no damage.
The barbs in your skin will harm you if you move.
Continue?
Okay, then.
Really read
i - 4 scrolls of teleportation {!r}?
As you read the scroll of teleportation {!r}, it crumbles to dust.
You feel strangely unstable. The hog bites you.
* * * LOW HITPOINT WARNING * * *
You focus your will and slow the hog in retribution!
The manticore flicks its tail.
The volley of spikes hits you!
The barbed spikes become lodged in your body.
You die...

#.# #...# #†#
#...# #.# #...#
#.# #...#
#H###...#
#h†.....#
##Z@H....#
#.hH.....#
#@.......#
#........#
#........#
#........#
#.######.#
###'#........#
..............#
#####.....#@..#
#.....#...#


You could see Kirke, 3 manticores, 2 hogs and a troll zombie (confused).

Vanquished Creatures
  2 two-headed ogres
  A death knight (D:12)
  The ghost of Nib the Summoner, a novice BaSu of Cheibriados (D:8)
  Sonja (D:11)
  Pikel (D:6)
  A deep elf mage (D:12)
  A phantasmal warrior (D:12)
  Maurice (D:11)
  A gargoyle (D:8)
  A centaur skeleton (D:12)
  A kobold demonologist (D:11)
  A freezing wraith (D:12)
  Grinder (D:4)
  2 hippogriffs
  A wyvern (D:10)
  A wraith (D:12)
  13 yaks
  2 hogs (D:12)
  Eustachio (D:4)
  Duvessa (D:6)
  4 slaves (D:6)
  2 orc warriors
  3 ice beasts
  2 hornet zombies
  2 eyes of draining
  8 ogres
  A black bear (D:10)
  A necrophage (D:5)
  2 centaurs
  2 big kobolds (Sewer)
  5 bullfrogs
  3 scorpions
  Dowan (D:6)
  A water moccasin skeleton (D:8)
  12 wights
  9 killer bees
  9 crimson imps
  3 centaur zombies
  3 bullfrog zombies
  A quasit (D:10)
  6 hounds
  5 orc wizards
  A bullfrog skeleton (D:11)
  6 orc priests
  Jessica (D:3)
  4 iguanas
  15 worker ants
  A killer bee zombie (D:8)
  An ogre zombie (D:12)
  A howler monkey zombie (D:8)
  3 gnolls
  2 worker ant zombies (D:6)
  9 adders
  A howler monkey skeleton (D:11)
  2 river rats (D:3)
  2 shadow imps
  2 oozes (Sewer)
  An adder skeleton (D:8)
  6 worms
  4 dart slugs
  8 leopard geckos
  34 orcs
  8 bats
  3 giant cockroaches
  7 goblins
  4 hobgoblins
  6 jackals
  8 kobolds
  6 quokkas
  4 ball pythons
  6 frilled lizards
  A quokka zombie (D:6)
  14 rats
291 creatures vanquished.

Vanquished Creatures (others)
  A dancing weapon (D:5)
1 creature vanquished.

Grand Total: 292 creatures vanquished

Notes
Turn   | Place    | Note
-------+----------+-------------------------------------------
     0 | D:1      | Amnesiac the Mummy Enchanter began the quest for the Orb.
     0 | D:1      | Reached XP level 1. HP: 13/13 MP: 4/4
   115 | D:1      | Reached skill level 1 in Short Blades
   456 | D:1      | Reached XP level 2. HP: 17/19 MP: 2/5
   558 | D:1      | Learned a level 2 spell: Ensorcelled Hibernation
  1645 | D:2      | Reached XP level 3. HP: 21/24 MP: 1/7
  1650 | D:2      | Learned a level 3 spell: Confuse
  2648 | D:2      | Reached XP level 4. HP: 30/30 MP: 4/8
  2896 | D:3      | Learned a level 3 spell: Tukima's Dance
  3182 | D:3      | Found a glowing drain.
  3190 | Sewer    | Entered a sewer
  3496 | Sewer    | Noticed a big kobold
  3511 | Sewer    | Killed a big kobold
  3511 | Sewer    | Reached XP level 5. HP: 35/35 MP: 7/11
  3777 | Sewer    | Reached XP level 6. HP: 24/41 MP: 9/12
  4253 | D:3      | Noticed Jessica
  4261 | D:3      | Killed Jessica
  4261 | D:3      | Reached skill level 5 in Hexes
  4476 | D:4      | Found an opulent altar of Gozag.
  4479 | D:4      | Found a sacrificial altar of Ru.
  4482 | D:4      | Found a basalt altar of Yredelemnul.
  4485 | D:4      | Found a shimmering altar of Xom.
  4492 | D:4      | Got a pitted spear
  4506 | D:4      | Identified the cursed +1 spear of Freehold {flame, MR+ Stlth+} (You found it on level 4 of the Dungeon)
  4536 | D:4      | Became a worshipper of Ru the Awakened
  4564 | D:4      | Reached skill level 5 in Spellcasting
  4571 | D:4      | Noticed Eustachio
  4586 | D:4      | Killed Eustachio
  4586 | D:4      | Reached XP level 7. HP: 46/46 MP: 15/15
  4758 | D:4      | Found a staircase to the Ecumenical Temple.
  4844 | D:4      | Noticed Grinder
  4889 | D:4      | Killed Grinder
  5294 | D:5      | Entered Level 5 of the Dungeon
  5643 | D:5      | Reached XP level 8. HP: 44/52 MP: 14/16
  5656 | D:5      | Found Ceshenoa's Assorted Antiques.
  5665 | D:5      | Bought a scroll labeled KISAET NOADGH for 29 gold pieces
  5665 | D:5      | Bought a scroll labeled MIASEW HIATUDGH for 29 gold pieces
  5665 | D:5      | Bought a scroll labeled KISAET NOADGH for 29 gold pieces
  5665 | D:5      | Bought a scroll labeled MIASEW HIATUDGH for 29 gold pieces
  5677 | D:5      | Found Xaxas's Antique Armour Shop.
  5698 | D:5      | Reached skill level 5 in Short Blades
  5722 | D:5      | Found Hyicsid's Magic Scroll Shoppe.
  5727 | D:5      | Bought a scroll of fear for 42 gold pieces
  5857 | D:5      | Gained mutation: You cannot study or use magical devices. [Ru sacrifice]
  5857 | D:5      | Reached * piety under Ru
  5857 | D:5      | Reached ** piety under Ru
  6189 | D:6      | Found a hide-covered altar of Uskayaw.
  6296 | D:6      | Found Vus Ukhu's Armour Shop.
  6406 | D:6      | Reached skill level 5 in Stealth
  6444 | D:6      | Noticed Pikel
  6475 | D:6      | Killed Pikel
  6526 | D:6      | Reached XP level 9. HP: 54/57 MP: 17/17
  6581 | D:6      | Found an opulent altar of Gozag.
  6843 | D:6      | Noticed Dowan
  6844 | D:6      | Noticed Duvessa
  6888 | D:6      | Killed Dowan
  6962 | D:6      | Killed Duvessa
  7125 | D:5      | Bought a scroll of fog for 24 gold pieces
  7135 | D:5      | Bought a pair of boots for 94 gold pieces
  7440 | D:7      | Learned a level 3 spell: Dazzling Spray
  7445 | D:7      | Learned a level 4 spell: Cause Fear
  7893 | D:8      | Gained mutation: You are hated by all. [Ru sacrifice]
  7893 | D:8      | Reached *** piety under Ru
  8189 | D:8      | Noticed a two-headed ogre
  8609 | D:8      | Noticed a gargoyle
  8634 | D:8      | Killed a gargoyle
  9002 | D:8      | Reached XP level 10. HP: 57/63 MP: 17/19
  9045 | D:8      | Killed a two-headed ogre
  9113 | D:8      | Found a runed gate.
  9113 | D:8      | Found a runed gate.
  9113 | D:8      | Found a runed gate.
  9119 | D:8      | Noticed Nib's ghost (novice BaSu)
  9125 | D:8      | Found a roughly hewn altar of Beogh.
  9850 | D:8      | Killed Nib's ghost
  9995 | D:8      | Got a warped helmet
 10017 | D:8      | Identified the +1 helmet "Koif" {rElec Slay+2} (You found it on level 8 of the Dungeon)
 10038 | D:9      | Found a staircase to the Lair.
 10061 | D:9      | Found Plog's Distillery.
 10077 | D:9      | Found Fajau's Magic Scroll Shoppe.
 10081 | D:9      | Found a glowing silver altar of Zin.
 10257 | D:9      | Found Foez's Antique Armour Shop.
 10523 | D:9      | Noticed a two-headed ogre
 10536 | D:9      | Killed a two-headed ogre
 10608 | D:9      | Found Neuganyi's Distillery.
 10707 | D:10     | Entered Level 10 of the Dungeon
 10737 | D:10     | Reached skill level 1 in Fighting
 10942 | D:10     | Gained mutation: Potions are less effective at restoring your health. [Ru sacrifice]
 11623 | D:11     | Noticed Maurice
 11783 | D:11     | Noticed Sonja
 11816 | D:11     | Killed Sonja
 11816 | D:11     | Reached XP level 11. HP: 74/74 MP: 23/23
 12050 | D:11     | Killed Maurice
 12222 | D:11     | Reached skill level 5 in Dodging
 12592 | D:12     | Noticed a deep elf mage
 12602 | D:12     | Killed a deep elf mage
 12725 | D:12     | Gained mutation: You cannot train Armour skill. [Ru sacrifice]
 12725 | D:12     | Reached **** piety under Ru
 12725 | D:12     | Reached ***** piety under Ru
 12830 | D:12     | Noticed a death knight
 12831 | D:12     | Noticed a phantasmal warrior
 12852 | D:12     | Reached skill level 5 in Fighting
 12981 | D:12     | Noticed a two-headed ogre
 13011 | D:12     | Killed a death knight
 13097 | D:12     | Killed a phantasmal warrior
 13366 | D:12     | Learned a level 3 spell: Spectral Weapon
 13458 | D:12     | Noticed Kirke
 13534 | D:12     | Killed from afar by a manticore

Vault maps used:
D:1:      minmay_arrival_nine_rooms, minmay_tromino_v4_c
D:3:      lightli_sewer_entry_pipes, st_stairs_13, uniq_jessica
D:4:      grunt_temple_overflow_cloverleaf, minmay_temple_entry_nine_rooms,
          uniq_eustachio, uniq_grinder
D:5:      first_ration, serial_shops, kennysheep_little_box, shop,
          nicolae_shop_overgrown_old_shop
D:6:      old_standard_altar, serial_shops, shop, grunt_decor_cap,
          nicolae_gozag_cash_rules_everything_around_me, uniq_duvessa,
          uniq_pikel
D:8:      wad_cavern_with_rooms, biasface_ghost_orc_armoury
D:9:      nicolae_overflow_hidden_temple, lair_entry_dummy, serial_shops,
          shop_fountains, shop_fountains, shop, shop_statue
D:11:     uniq_maurice, uniq_sonja
D:12:     zombieorc2_lemuel, uniq_kirke
Sewer:    sewer_co_15_rooms

Skill      XL: |  1  2  3  4  5  6  7  8  9 10 11 |
---------------+----------------------------------+-----
Short Blades   | 1 2 3 4 6 8 |  8.0
Stealth        | 3 4 5 8 |  8.0
Hexes          | 3 4 5 8 |  8.1
Spellcasting   | 3 4 5 6 8 |  8.0
Dodging        | 4 7 |  7.4
Fighting       | 2 5 |  5.9

Action                   |  1- 3 |  4- 6 |  7- 9 | 10-12 || total
-------------------------+-------+-------+-------+-------++-------
Melee: Dagger            |   121 |   152 |   622 |   545 ||  1440
       Rapier            |       |       |    36 |       ||    36
 Cast: Corona            |    18 |       |       |       ||    18
       Ensorcelled Hiber |     9 |    21 |     2 |     3 ||    35
       Confuse           |     4 |     7 |    90 |   151 ||   252
       Tukima's Dance    |       |       |     8 |     3 ||    11
       Dazzling Spray    |       |       |     1 |     7 ||     8
Invok: Sacrifice Artific |       |       |     1 |       ||     1
       Draw Out Power    |       |       |     1 |     4 ||     5
       Sacrifice Love    |       |       |     1 |       ||     1
       Sacrifice Purity  |       |       |       |     1 ||     1
       Sacrifice Durabil |       |       |       |     1 ||     1
  Use: Scroll            |       |     5 |       |    12 ||    17
 Stab: Sleeping          |     9 |    17 |     9 |    10 ||    45
       Confused          |     2 |     4 |    27 |    75 ||   108
       Distracted        |       |       |     2 |       ||     2
       Invisible         |       |       |       |     2 ||     2
Armor: Robe              |    17 |    31 |       |       ||    48
       Leather armour    |       |       |   188 |   107 ||   295
Dodge: Dodged            |    87 |    74 |   224 |   200 ||   585

Table legend:
 A = Spawn XP
 B = Non-spawn XP
 C = Spawn XP percentage of total XP
 D = Spawn monster count
 E = Non-spawn monster count
 F = Spawn count percentage of total count
 G = Total turns spent on level
                    A         B        C        D         E        F      G
               +---------+---------+-------+---------+---------+-------+---------
         Total |       0 |   19988 |   0.0 |       0 |     287 |   0.0 | 13534
               +---------+---------+-------+---------+---------+-------+---------
           D:1 |       0 |      33 |   0.0 |       0 |      16 |   0.0 |  1495
           D:2 |       0 |      75 |   0.0 |       0 |      22 |   0.0 |  1395
           D:3 |       0 |     107 |   0.0 |       0 |      23 |   0.0 |   756
           D:4 |       0 |     719 |   0.0 |       0 |      13 |   0.0 |   860
           D:5 |       0 |     653 |   0.0 |       0 |      18 |   0.0 |   835
           D:6 |       0 |    1318 |   0.0 |       0 |      19 |   0.0 |  1027
           D:7 |       0 |     675 |   0.0 |       0 |      23 |   0.0 |  1035
           D:8 |       0 |    4045 |   0.0 |       0 |      43 |   0.0 |  1846
           D:9 |       0 |    1405 |   0.0 |       0 |      20 |   0.0 |   670
          D:10 |       0 |    1444 |   0.0 |       0 |      23 |   0.0 |   916
          D:11 |       0 |    3683 |   0.0 |       0 |      25 |   0.0 |   969
          D:12 |       0 |    5573 |   0.0 |       0 |      24 |   0.0 |   942
         Sewer |       0 |     258 |   0.0 |       0 |      18 |   0.0 |   788
               +---------+---------+-------+---------+---------+-------+---------
